 Dungeon Crawl Stone Soup version 0.28-a0-863-g8cecda6153 (webtiles) character file.

Game seed: 9559240217535959839

4035 Madmarshman the Cleaver (level 10, -4/90 HPs)
             Began as a Minotaur Berserker on Nov 17, 2021.
             Was a High Priest of Trog.
             Killed by divine providence
             ... invoked by an orc priest
              (11 damage)
             ... on level 8 of the Dungeon.
             The game lasted 01:22:55 (9326 turns).

Madmarshman the Cleaver (Minotaur Berserker)        Turns: 9326, Time: 01:22:56

Health: -4/90      AC: 12    Str: 23    XL:     10   Next: 4%
Magic:  9/9        EV: 16    Int:  8    God:    Trog [*****.]
Gold:   348        SH:  0    Dex: 18    Spells: 9/9 levels left

rFire   . . .      SeeInvis .   i - +4 war axe of Tuos {flame, rPois Int+4 Dex+6}
rCold   . . .      Faith    .   (no shield)
rNeg    . . .      Spirit   .   f - +0 chain mail
rPois   +          Reflect  .   (helmet restricted)
rElec   .          Harm     .   (no cloak)
rCorr   .          Rampage  .   (no gloves)
Will    .....                   b - +0 pair of boots
Stlth   ..........              (no amulet)
HPRegen 0.25/turn               k - +4 ring of evasion
MPRegen 0.11/turn               (no ring)

@: no status effects
A: horns 2, retaliatory headbutt
a: Renounce Religion, Berserk, Trog's Hand, Brothers in Arms


You were on level 8 of the Dungeon.
You worshipped Trog.
Trog was extremely pleased with you.
You visited 2 branches of the dungeon, and saw 9 of its levels.
You also visited: Ossuary.

You collected 348 gold pieces.

Inventory:

Hand Weapons
 a - a +1 hand axe of protection
 i - the +4 war axe of Tuos (weapon) {flame, rPois Int+4 Dex+6}
   (You found it on level 4 of the Dungeon)

   It burns those it strikes, dealing additional fire damage.
   Big, fiery blades are also staple armaments of hydra-hunters.
   Int:       It affects your intelligence (+4).
   Dex:       It affects your dexterity (+6).
   rPois:     It protects you from poison.
 m - a +2 dagger of electrocution
 C - a +2 spectral quarterstaff
Armour
 b - a +0 pair of boots (worn)
 f - a +0 chain mail (worn)
 l - a +0 ring mail
Jewellery
 k - a +4 ring of evasion (left hand)
 s - a ring of protection from cold
 D - a ring of see invisible
 E - a ring of fire
Wands
 n - a wand of iceblast (8)
Scrolls
 g - 3 scrolls of teleportation
 r - 3 scrolls of enchant weapon
 t - 2 scrolls of noise
 u - a scroll of enchant armour {unknown}
 w - a scroll of fog
 y - 2 scrolls of vulnerability
 F - a scroll of identify
Potions
 c - a potion of brilliance {unknown}
 d - 2 potions of flight
 e - 2 potions of degeneration
 h - 3 potions of ambrosia
 j - a potion of heal wounds {unknown}
 o - 3 potions of curing
 p - 2 potions of lignification
 q - 2 potions of might {unknown}
 v - a potion of berserk rage {unknown}
 x - a potion of mutation {unknown}
 z - a potion of resistance {unknown}
 A - a potion of haste {unknown}
 B - a potion of cancellation {unknown}


   Skills:
 + Level 8.6 Fighting
 * Level 11.5 Axes
 + Level 8.1 Armour
 + Level 7.5 Dodging


You had 9 spell levels left.
You didn't know any spells.
Your spell library was empty.

Dungeon Overview and Level Annotations

Branches:
Dungeon (8/15)             Temple (1/1) D:4         Ossuary (visited)
   Lair: D:8-11

Altars:
Ashenzari
Cheibriados
Dithmenos
Elyvilon
Fedhas
Gozag
Kikubaaqudgha
Makhleb
Nemelex Xobeh
Okawaru
Qazlal
Ru
Sif Muna
Trog
Uskayaw
Vehumet
Wu Jian
Xom
Yredelemnul
Zin
The Shining One


Innate Abilities, Weirdness & Mutations

You have a pair of horns on your head.
You reflexively headbutt those who attack you in melee.


Message History

Items here: ( ))) [ †††.
Things that are here:
a +4 short sword of distortion; 4 stones
Things that are here:
a +0 whip; a +0 short sword; 2 poisoned darts
Things that are here:
a +0 dagger; 3 stones; a kobold corpse
There is a stone staircase leading up here.
There is an open door here.
You see here 18 stones.
You see here 19 stones.
You open the door.
There is an open door here.
There is an open door here.
An orc and 2 orc priests come into view.
The orc priest shouts!
The orc shouts!
You hear a shout!
The orc priest calls down the wrath of Beogh upon you.
Pain shoots through your body!
An orc priest comes into view. It is wielding a +0 hand axe.
The orc priest calls down the wrath of Beogh upon you.
Beogh smites you! The orc priest hits you with a +0 club.
The orc priest mumbles some strange prayers to Beogh against you.
Beogh smites you!
You are too injured to fight recklessly!
You are too injured to fight recklessly!
You are too injured to fight recklessly!
You are too injured to fight recklessly!
The orc priest miscasts a cantrip.
The orc priest looks braver for a moment.
The orc priest invokes the aid of Beogh against you.
Beogh smites you!
The orc priest invokes the aid of Beogh against you.
Beogh smites you!
* * * LOW HITPOINT WARNING * * *
The orc priest mumbles some strange prayers to Beogh against you.
Beogh smites you!
* * * LOW HITPOINT WARNING * * *
The orc priest calls down the wrath of Beogh upon you.
Beogh smites you!
You die...

...............# #.#.##.####
..........>....# ####.#.#......
...............# ....#.#..###.
....#.#####....# ...#.#.....)
..((#.# #....# oo#.##.#.#.
..###.# ##....# #o#......)<
......# #.....# #.#####.###
.#########...##########.#........
................@..o.o.o#.###.###
##########...############.# #.#..
..# ####...........#.# #.#.# #.#
#.#########.#.# #...# #.#
#.#.........#.###.#.#
#.###########.#.#............>..#
#.#.........#....................
#'#####...#.###.#########.#######
.....##..>#.# #.##...............


You could see 3 orc priests.

Vanquished Creatures
  Prince Ribbit (D:5)
  A water moccasin (D:8)
  An orc warrior (D:6)
  A sky beast (D:7)
  A black bear (D:5)
  2 necrophages
  2 ogres
  2 phantoms (D:6)
  A lemure (D:5)
  2 centaurs (D:7)
  A kobold brigand (D:8)
  Blork the orc (D:5)
  A wyvern zombie (D:7)
  A gnoll sergeant (D:7)
  2 bullfrogs
  A wyvern skeleton (D:7)
  4 killer bees (D:8)
  3 water moccasin skeletons
  3 howler monkeys (D:8)
  A bullfrog zombie (Ossuary)
  A jelly (D:2)
  2 centaur zombies
  A bullfrog skeleton (D:5)
  A gnoll shaman (D:6)
  3 orc priests
  A hound (D:6)
  A centaur skeleton (D:7)
  5 iguanas
  A scorpion zombie (D:5)
  4 orc wizards
  Natasha (thrice) (D:2)
  A killer bee zombie (Ossuary)
  7 mummies
  2 howler monkey zombies
  22 gnolls
  5 adders
  A white imp (D:5)
  A worm (D:2)
  2 dart slugs
  26 orcs
  2 ball pythons (D:1)
  3 endoplasms
  6 giant cockroaches
  37 goblins
  32 hobgoblins
  10 jackals
  4 quokkas
  8 bats
  3 frilled lizards
  15 kobolds
  7 rats
249 creatures vanquished.

Vanquished Creatures (collateral kills)
  Pikel (D:5)
  Maggie (D:6)
2 creatures vanquished.

Vanquished Creatures (others)
  2 fungi (D:1)
  A plant (D:1)
  A withered plant (Ossuary)
4 creatures vanquished.

Grand Total: 255 creatures vanquished

Notes
Turn   | Place    | Note
-------+----------+-------------------------------------------
     0 | D:1      | Madmarshman the Minotaur Berserker began the quest for the
                  | Orb.
     0 | D:1      | Reached XP level 1. HP: 19/19 MP: 0/0
   300 | D:1      | Reached XP level 2. HP: 25/27 MP: 1/1
   559 | D:1      | Reached skill level 4 in Axes
   588 | D:1      | Reached ** piety under Trog
   769 | D:1      | Found a faded altar of an unknown god.
  1002 | D:1      | Reached XP level 3. HP: 33/33 MP: 2/2
  1181 | D:2      | Noticed Natasha
  1193 | D:2      | Killed Natasha
  1281 | D:2      | Noticed Natasha
  1287 | D:2      | Reached XP level 4. HP: 40/40 MP: 3/3
  1298 | D:2      | Killed Natasha
  1531 | D:2      | Reached skill level 5 in Axes
  1531 | D:2      | Reached XP level 5. HP: 30/47 MP: 4/4
  2014 | D:2      | Noticed Natasha
  2022 | D:2      | Killed Natasha
  2370 | D:3      | Found a glowing silver altar of Zin.
  2370 | D:3      | Noticed an angel
  2566 | D:3      | Reached XP level 6. HP: 34/55 MP: 5/5
  3169 | D:3      | Reached *** piety under Trog
  3170 | D:3      | Reached skill level 5 in Fighting
  3217 | D:3      | Reached skill level 6 in Axes
  4155 | D:4      | Found a sand-covered staircase.
  4166 | Ossuary  | Entered an ossuary
  4210 | Ossuary  | Reached XP level 7. HP: 49/61 MP: 6/6
  4231 | Ossuary  | Reached **** piety under Trog
  4244 | D:4      | Reached skill level 7 in Axes
  4565 | D:4      | Reached skill level 5 in Armour
  4664 | D:4      | Found a staircase to the Ecumenical Temple.
  4669 | D:4      | Identified the +4 war axe of Tuos {flame, rPois Int+4
                  | Dex+6}
  4686 | Temple   | Entered the Ecumenical Temple
  5466 | D:5      | Entered Level 5 of the Dungeon
  5707 | D:5      | Reached skill level 5 in Dodging
  5786 | D:5      | Reached XP level 8. HP: 64/70 MP: 7/7
  5932 | D:5      | Reached skill level 8 in Axes
  6003 | D:5      | Noticed Pikel
  6012 | D:5      | Killed Pikel
  6134 | D:5      | Reached skill level 9 in Axes
  6269 | D:5      | Noticed Blork the orc
  6277 | D:5      | Killed Blork the orc
  6650 | D:6      | Noticed Prince Ribbit
  6655 | D:5      | Killed Prince Ribbit
  6778 | D:6      | Reached XP level 9. HP: 61/79 MP: 8/8
  7074 | D:6      | Reached skill level 10 in Axes
  7168 | D:6      | Noticed Maggie
  7174 | D:6      | Killed Maggie
  7392 | D:6      | Found a shadowy altar of Dithmenos.
  7734 | D:7      | Found a snail-covered altar of Cheibriados.
  8036 | D:7      | Reached skill level 11 in Axes
  8086 | D:7      | Found an ancient bone altar of Kikubaaqudgha.
  8237 | D:7      | Found a bloodstained altar of Trog.
  8944 | D:8      | Reached XP level 10. HP: 90/90 MP: 9/9
  9066 | D:8      | Reached ***** piety under Trog
  9326 | D:8      | Killed from afar by an orc priest

Illustrated notes

Levels and vault maps discovered:
D:1:      psy_arrival_conway, layout_basic, shapermc_ecumenical_altar_rom_forum
D:2:      layout_rooms, solitary_fountain, nrook_campfire,
          nicolae_concentric_dashed_squares_mild, uniq_natasha
D:3:      minmay_goblin_kobold_castle, layout_basic, zin_angel
D:4:      layout_basic, minmay_temple_entry_junction_2,
          gup_ossuary_entry_pyramid
D:5:      layout_loops_corners, minmay_stone_trees_medium, dk_noncrumbling_3,
          kennysheep_generic_room_5, uniq_pikel, uniq_blork_the_orc
D:6:      layout_rooms, grunt_dithmenos_shadows, uniq_maggie,
          uniq_prince_ribbit1
D:7:      layout_loops_ring, kiku_gazebo_pond_becter, kennysheep_slug_shrine,
          mainiacjoe_overflow_alcove_1
D:8:      layout_basic
Temple:   eino_temple_rhombus

Skill      XL: |  1  2  3  4  5  6  7  8  9 |
---------------+----------------------------+-----
Axes           | 4 5 6 7 9 11 | 11.5
Fighting       | 4 5 6 7 8 |  8.6
Armour         | 3 4 5 6 8 |  8.1
Dodging        | 3 4 5 6 7 |  7.5

Action                   |  1- 3 |  4- 6 |  7- 9 | 10-12 || total
-------------------------+-------+-------+-------+-------++-------
Melee: Hand axe          |    72 |   248 |    43 |       ||   363
       Headbutt          |     5 |    40 |    34 |     4 ||    83
       War axe           |       |       |   154 |    22 ||   176
Invok: Berserk           |     2 |     7 |     4 |       ||    13
       Trog's Hand       |     2 |     2 |     2 |       ||     6
       Brothers in Arms  |       |       |     2 |       ||     2
Evoke: Wand              |       |       |     1 |       ||     1
  Use: Scroll            |       |     7 |     7 |       ||    14
Armor: Animal skin       |     7 |       |       |       ||     7
       Chain mail        |    22 |   111 |    43 |     5 ||   181
Dodge: Dodged            |    32 |   121 |   126 |    10 ||   289

Table legend: (Time is in decaauts)
 A = Elapsed time spent in this place.
 B = Non-inter-level travel time spent in this place.
 C = Inter-level travel time spent in this place.
 D = Time resting spent in this place.
 E = Time spent auto-exploring this place.
 F = Levels seen in this place.
 G = Mean time per level.
                   A        B        C        D        E       F      G
               +--------+--------+--------+--------+--------+-----+--------+
         Total |   9478 |   9290 |    188 |   1568 |   5763 |  10 |  947.8 |
       Dungeon |   9256 |   9082 |    174 |   1568 |   5629 |   8 | 1157.0 |
        Temple |    154 |    140 |     14 |      0 |    127 |   1 |  154.0 |
       Ossuary |     68 |     68 |      0 |      0 |      7 |   1 |   68.0 |
               +--------+--------+--------+--------+--------+-----+--------+

Top non-repeatable levels by time:
     D:3: 1819 daAuts
     D:5: 1263 daAuts
     D:4: 1229 daAuts
     D:1: 1166 daAuts
     D:2: 1149 daAuts
     D:8: 1016 daAuts
     D:7: 847 daAuts
     D:6: 763 daAuts
  Temple: 154 daAuts
 Ossuary: 68 daAuts
